 Dungeon Crawl Stone Soup version 0.31-a0-229-g1fc7ce93e2 (webtiles) character file.

Game seed: 14008690723452139517

156 qw the Shooter (level 5, -1/41 HPs)
             Began as a Minotaur Hexslinger on July 6, 2023.
             Slain by a lemure (7 damage)
             ... led by Pikel
             ... on level 4 of the Dungeon.
             The game lasted 00:00:54 (2793 turns).

qw the Shooter (Minotaur Hexslinger)                Turns: 2793, Time: 00:00:54

Health: -1/41      AC:  3    Str: 17    XL:     5   Next: 14%
Magic:  5/5        EV: 11    Int:  9    God:
Gold:   141        SH:  5    Dex: 13    Spells: 5/6 levels left

rFire   . . .        Y - +1 sling (freeze)
rCold   . . .        (no shield)
rNeg    . . .        j - +0 ring mail
rPois   +            (helmet unavailable)
rElec   .            m - +0 cloak
rCorr   +            (no gloves)
SInv    .            (no boots)
Will    .....        e - amulet of reflection
Stlth   +            b - ring of resist corrosion
HPRegen 0.26/turn    g - ring of poison resistance
MPRegen 0.09/turn

%: reflection
@: unable to drink
A: horns 3, retaliatory headbutt, deformed body, strong 1, inability to drink
after injury 1
a: no special abilities


You were on level 4 of the Dungeon.
You visited 1 branch of the dungeon, and saw 4 of its levels.

You collected 141 gold pieces.


Innate Abilities, Weirdness & Mutations

You have a pair of large horns on your head.
You reflexively headbutt those who attack you in melee.
Armour fits poorly on your strangely shaped body.
Your muscles are strong. (Str +4, Int/Dex -1)
You occasionally lose the ability to drink potions when taking damage.


   Skills:
 + Level 2.1 Fighting
 - Level 5.5 Ranged Weapons
 - Level 1.2 Armour
 - Level 2.1 Dodging
 - Level 1.0 Spellcasting
 - Level 2.0 Hexes


You had 5 spell levels left.
You knew the following spells:

 Your Spells              Type           Power      Damage    Failure   Level
a - Slow                  Hex            16%        N/A       30%         1

Your spell library contained the following spells:

 Spells                   Type           Power      Damage    Failure   Level
 Inner Flame              Hex/Fire       2%         N/A       80%         3
 Portal Projectile        Hex/Tloc       4%         N/A       80%         3
 Cause Fear               Hex            2%         N/A       96%         4

Inventory:

Hand Weapons
 Y - a +1 sling of freezing (weapon)
Armour
 j - a +0 ring mail (worn)
 m - a +0 cloak (worn)
Jewellery
 b - a ring of resist corrosion (left hand)
 e - an amulet of reflection (around neck)
 g - a ring of poison resistance (right hand)
Scrolls
 i - a scroll of teleportation
Potions
 a - a potion of might
 d - a potion of haste {unknown}
 f - a potion of heal wounds {unknown}
 h - a potion of cancellation {unknown}
 l - a potion of magic {unknown}

Dungeon Overview and Level Annotations

Branches:
Dungeon (4/15)
 Temple: D:4-7

Altars:
Sif Muna

Annotations:
D:3 1 runed translucent door, exclusion: 2 orc wizards, Crazy Yiuf
D:4 Pikel


Message History

The ball python hisses angrily.
The sling bullet hits the ball python.
The sling bullet freezes the ball python.
You kill the ball python!
A lemure comes into view.
Pikel, Merchant of Souls comes into view.
He is wielding a +2 whip of flaming.
You shoot a sling bullet.
Pikel shouts!
The lemure shouts!
The sling bullet hits Pikel.
The sling bullet freezes Pikel.
Pikel is lightly wounded.
You shoot a sling bullet. The sling bullet barely misses Pikel.
You shoot a sling bullet. The sling bullet barely misses Pikel.
You shoot a sling bullet. The sling bullet closely misses Pikel.
A lemure comes into view. x2
You shoot a sling bullet.
The sling bullet barely misses the lemure.
You shoot a sling bullet. The sling bullet hits the lemure.
The sling bullet freezes the lemure.
The lemure is lightly wounded.
A lemure comes into view.
The lemure completely misses you. You furiously retaliate!
You headbutt the lemure! You shoot a sling bullet. The lemure shouts!
The sling bullet hits the lemure.
The sling bullet freezes the lemure.
The lemure is severely wounded.
The lemure hits you.
You shoot a sling bullet.
The sling bullet closely misses the lemure.
The lemure hits you.
Pikel cracks his whip.
Pikel hits you with a +2 whip of flaming!
Pikel burns you.
You shoot a sling bullet. The sling bullet hits the lemure.
The sling bullet freezes the lemure.
The lemure is severely wounded.
Pikel hits you with a +2 whip of flaming!
You feel threatened and lose the ability to drink potions!
Pikel burns you. The lemure hits you!
You die...

........#..#####.?#
...........# ##...#
.#...##.:### #....#
....##..## ##..##
........# #....####
..).....#
##......##
........#
##........##
........
###.K..##....###
.#####..
#.$55@.##......# ..
#5..#...........
.....#####..###)..
..... #..# .....
#..# ... #.## . ...
#.. ##.#


You could see Pikel and 3 lemures.

Vanquished Creatures
  An ogre (D:4)
  Robin (D:3)
  A worm (D:3)
  2 dart slugs
  An orc (D:3)
  5 ball pythons
  2 endoplasms (D:1)
  10 goblins (D:3)
  8 hobgoblins
  4 jackals (D:1)
  3 kobolds
  A quokka (D:2)
  3 bats
  A frilled lizard (D:2)
  2 rats
45 creatures vanquished.

Notes
Turn   | Place    | Note
-------+----------+-------------------------------------------
     0 | D:1      | qw the Minotaur Hexslinger began the quest for the Orb.
     0 | D:1      | Reached XP level 1. HP: 16/16 MP: 1/1
     0 | D:1      | 0 ||| qw: Version: 0.3-a-46-gb1f654a
     0 | D:1      | 0 ||| qw: Game counter: 1455
     0 | D:1      | 0 ||| qw: Melee chars always use a shield: true
     0 | D:1      | 0 ||| qw: God list: Okawaru
     0 | D:1      | 0 ||| qw: Allow faded altars: false
     0 | D:1      | 0 ||| qw: Do Orc after clearing Dungeon:15 true
     0 | D:1      | 0 ||| qw: Do second Lair branch before Depths: true
     0 | D:1      | 0 ||| qw: Lair rune preference: random
     0 | D:1      | 0 ||| qw: Goals: Normal
     0 | D:1      | 0 ||| PLANNING D:1-11
   261 | D:1      | Reached skill level 3 in Ranged Weapons
   327 | D:1      | Reached XP level 2. HP: 23/23 MP: 2/2
   863 | D:1      | 863 ||| UPGRADING to +0 leather armour.
   873 | D:1      | 873 ||| DROPPING +0 robe.
   874 | D:1      | 874 ||| READING scroll labelled TUNYKI KAJIOZI.
   875 | D:1      | 875 ||| READING 2 scrolls labelled CAPUOL MUOFIETS.
   880 | D:1      | 880 ||| DROPPING scroll of poison.
  1599 | D:2      | Found a faded altar of an unknown god.
  1608 | D:2      | 1608 ||| UPGRADING to +0 ring mail.
  1618 | D:2      | 1618 ||| DROPPING +0 leather armour.
  1619 | D:2      | 1619 ||| READING scroll labelled OCUSTA PAFEEZ.
  1620 | D:2      | 1620 ||| READING scroll labelled TEG QOKEUCORR.
  1748 | D:3      | Reached XP level 3. HP: 19/29 MP: 3/3
  1851 | D:3      | Noticed Robin
  1852 | D:3      | Reached skill level 4 in Ranged Weapons
  1860 | D:3      | Killed Robin
  1861 | D:3      | Reached skill level 1 in Armour
  1930 | D:3      | 1930 ||| SWAPPING to +1 sling of freezing.
  1931 | D:3      | 1931 ||| DROPPING +1 sling.
  2053 | D:3      | Found a shimmering blue altar of Sif Muna.
  2098 | D:3      | HP: 6/29 [something/puff of flame (7)]
  2104 | D:3      | HP: 6/29 [something/magic dart (2)]
  2106 | D:3      | HP: 2/29 [orc wizard/puff of flame (4)]
  2225 | D:3      | 2225 ||| UPGRADING to +0 cloak.
  2230 | D:3      | 2230 ||| UPGRADING to amulet of reflection.
  2235 | D:3      | 2235 ||| UPGRADING to ring of resist corrosion.
  2236 | D:3      | 2236 ||| READING scroll labelled ATIMEILYAS.
  2237 | D:3      | 2237 ||| DRINKING 2 viscous inky potions.
  2238 | D:3      | 2238 ||| DRINKING 2 lumpy purple potions.
  2238 | D:3      | Gained mutation: You do not regenerate when monsters are
                  | visible. [potion of mutation]
  2239 | D:3      | 2239 ||| DRINKING potion of mutation.
  2239 | D:3      | Lost mutation: You do not regenerate when monsters are
                  | visible. [potion of mutation]
  2239 | D:3      | Gained mutation: You occasionally lose the ability to drink
                  | potions when taking damage. [potion of mutation]
  2239 | D:3      | Gained mutation: You possess an exceptional clarity of
                  | mind. [potion of mutation]
  2654 | D:3      | Found a runed translucent door.
  2655 | D:3      | Noticed Crazy Yiuf
  2658 | D:3      | 2658 ||| UPGRADING to ring of poison resistance.
  2659 | D:3      | 2659 ||| READING scroll labelled ABAHIR BINK.
  2743 | D:4      | Noticed an ogre
  2744 | D:4      | Reached XP level 4. HP: 36/36 MP: 4/4
  2747 | D:4      | Killed an ogre
  2748 | D:4      | Reached skill level 5 in Ranged Weapons
  2748 | D:4      | Reached XP level 5. HP: 41/41 MP: 5/5
  2752 | D:4      | 2752 ||| DRINKING potion of mutation.
  2752 | D:4      | Lost mutation: You occasionally lose the ability to drink
                  | potions when taking damage. [potion of mutation]
  2752 | D:4      | Lost mutation: You possess an exceptional clarity of mind.
                  | [potion of mutation]
  2752 | D:4      | Gained mutation: Your muscles are strong. (Str +4, Int/Dex
                  | -1) [potion of mutation]
  2752 | D:4      | Gained mutation: Armour fits poorly on your strangely
                  | shaped body. [potion of mutation]
  2752 | D:4      | Gained mutation: You occasionally lose the ability to drink
                  | potions when taking damage. [potion of mutation]
  2752 | D:4      | Gained mutation: You have a pair of large horns on your
                  | head. [potion of mutation]
  2784 | D:4      | Noticed a lemure
  2784 | D:4      | Noticed Pikel
  2788 | D:4      | Noticed a lemure
  2788 | D:4      | Noticed a lemure
  2790 | D:4      | Noticed a lemure
  2793 | D:4      | HP: 9/41 [Pikel/+2 whip of flaming (9)]
  2793 | D:4      | Slain by a lemure

Levels and vault maps discovered:
D:1:      ncdulo_wetmaze, layout_basic
D:2:      layout_basic, hellmonk_ecumenical_altar_leap_of_faith
D:3:      layout_loops_ring, led_sif_book, uniq_crazy_yiuf_cottage, uniq_robin
D:4:      layout_cave_pools, mainiacjoe_overflow_small_starburst,
          chequers_temple_overflow_statue_of_worship, minmay_misc_feat_room,
          uniq_duvessa, uniq_eustachio, uniq_grinder, uniq_edmund, uniq_pikel

Skill      XL: |  1  2  3  4 |
---------------+-------------+-----
Ranged Weapons | 3 4 5 |  5.5
Fighting       | 2 |  2.1
Armour         | 1 |  1.2
Dodging        | |  2.1
Spellcasting   | |  1.0
Hexes          | |  2.0

Action                     |  1- 3 |  4- 6 || total
---------------------------+-------+-------++-------
   Fire: Sling             |   153 |    15 ||   168
    Use: Scroll            |     6 |       ||     6
         Potion            |     3 |     1 ||     4
 Armour: Robe              |     4 |       ||     4
         Leather armour    |     3 |       ||     3
         Ring mail         |    12 |       ||    12
  Dodge: Dodged            |    42 |     2 ||    44

Table legend:
 A = Non-vault XP
 B = Vault XP
 C = Vault XP percentage of total XP
 D = Non-vault monster count
 E = Vault monster count
 F = Vault count percentage of total count
                 A         B        C        D         E       F
            +---------+---------+-------+---------+---------+-------
      Total |     184 |      39 |  17.5 |      32 |      13 |  28.9
            +---------+---------+-------+---------+---------+-------
        D:1 |      23 |       0 |   0.0 |      13 |       0 |   0.0
        D:2 |      13 |       0 |   0.0 |       7 |       0 |   0.0
        D:3 |      21 |      39 |  65.0 |       8 |      13 |  61.9
        D:4 |     127 |       0 |   0.0 |       4 |       0 |   0.0
            +---------+---------+-------+---------+---------+-------
